 Dungeon Crawl Stone Soup version 0.30.0-29-ga12c61a403 (webtiles) character file.

Game seed: 5013133249786211807

29778 wesleywilliam the Warrior (level 13, -2/134 HPs)
             Began as a Minotaur Berserker on June 25, 2023.
             Was a High Priest of Trog.
             Collided with some lava (14 damage)
             ... caused by a swamp worm
             ... on level 1 of the Lair of Beasts.
             The game lasted 00:54:13 (14926 turns).

wesleywilliam the Warrior (Minotaur Berserker)     Turns: 14926, Time: 00:54:14

Health: -2/134     AC: 20    Str: 28    XL:     13   Next: 17%
Magic:  21/21      EV:  8    Int: 13    God:    Trog [*****.]
Gold:   866        SH:  0    Dex: 13    Spells: 12/12 levels left

rFire   . . .        u - +0 morningstar "Gueff" {speed, MP+9 Int+7 SInv Stlth-}
rCold   . . .        (no shield)
rNeg    . . .        K - +0 plate armour
rPois   .            (helmet restricted)
rElec   .            N - +2 cloak
rCorr   .            (no gloves)
SInv    +            x - +1 pair of boots
Will    .....        B - amulet of regeneration Stlth
                     w - +4 ring of protection
HPRegen 1.22/turn    l - +6 ring of strength
MPRegen 0.17/turn

%: no passive effects
@: lethally poisoned (-2 -> -54)
A: horns 2, retaliatory headbutt
a: Renounce Religion, Berserk, Trog's Hand, Brothers in Arms


You were on level 1 of the Lair of Beasts.
You worshipped Trog.
Trog was extremely pleased with you.
You visited 2 branches of the dungeon, and saw 12 of its levels.

You collected 866 gold pieces.

Inventory:

Hand Weapons
 g - a +1 hammer of holy wrath
 m - a +1 sling
 u - the +0 morningstar "Gueff" (weapon) {speed, MP+9 Int+7 SInv Stlth-}
   (You found it on level 7 of the Dungeon)

   Int:       It affects your intelligence (+7).
   MP:        It affects your magic capacity (+9).
   SInv:      It lets you see invisible.
   Stlth:     It makes you less stealthy.
Missiles
 n - 43 poisoned darts
 I - 6 javelins (quivered)
 J - 11 boomerangs
 L - 2 silver boomerangs
Armour
 x - a +1 pair of boots (worn)
 K - a +0 plate armour (worn)
 N - a +2 cloak (worn)
Jewellery
 c - an amulet of reflection
 k - a ring of protection from cold
 l - a +6 ring of strength (right hand)
 w - a +4 ring of protection (left hand)
 B - an amulet of regeneration (around neck)
 E - a ring of protection from cold
 U - a +6 ring of intelligence
Wands
 z - a wand of light (27)
 A - a wand of iceblast (19)
 C - a wand of mindburst (36)
 D - a wand of flame (30)
 F - a wand of digging (6)
 R - a wand of paralysis (4)
Scrolls
 a - 2 scrolls of blinking {unknown}
 b - a scroll of amnesia
 d - 4 scrolls of enchant armour
 o - 8 scrolls of identify
 p - 5 scrolls of fog
 r - 4 scrolls of silence
 s - 2 scrolls of enchant weapon
 t - a scroll of poison
 y - a scroll of butterflies {unknown}
 M - 4 scrolls of magic mapping
 Q - a scroll of fear {unknown}
 T - 4 scrolls of teleportation {unknown}
Potions
 e - 3 potions of brilliance
 f - 9 potions of curing
 h - a potion of might
 i - 2 potions of flight
 j - a potion of heal wounds
 q - a potion of resistance
 v - a potion of attraction
 G - 4 potions of haste
 H - 2 potions of mutation {unknown}
 O - a potion of cancellation {unknown}
 P - a potion of lignification {unknown}
Miscellaneous
 S - a phantom mirror
 V - a condenser vane


   Skills:
 + Level 17.6 Fighting
 - Level 14.0 Maces & Flails
 - Level 14.0 Ranged Weapons
 - Level 2.4 Armour
 - Level 2.1 Dodging


You had 12 spell levels left.
You didn't know any spells.
Your spell library was empty.

Dungeon Overview and Level Annotations

Branches:
Dungeon (11/15)            Temple (0/1) D:7            Lair (1/5) D:10
    Orc (0/2) D:11

Altars:
Elyvilon
Qazlal
Sif Muna
Uskayaw
Vehumet
Yredelemnul
Zin

Shops:
D:1 :*=??

Portals:
Trove: D:11 (give 17 potions of curing)

Annotations:
D:11 2 transporters, LustLizard's ghost, journeyman OpCj
Lair:1 1 transporter


Innate Abilities, Weirdness & Mutations

You have a pair of horns on your head.
You reflexively headbutt those who attack you in melee.


Message History

You are yanked forward by the harpoon shot.
You violently stop moving!
The swamp worm fires a harpoon shot at you.
The harpoon shot hits you.
You are yanked forward by the harpoon shot.
You violently stop moving!
The swamp worm fires a harpoon shot at you.
The harpoon shot hits you.
You are yanked forward by the harpoon shot.
You collide with the briar patch!
The briar patch is almost destroyed.
Really walk into that net trap?
Okay, then.
You hit the briar patch. You headbutt the briar patch!
The briar patch is heavily damaged.
You are engulfed in dark miasma.
You are poisoned.
You feel very sick.
You hit the briar patch.
The briar patch is severely damaged.
You are engulfed in dark miasma.
You are more poisoned.
You feel extremely sick.
The swamp worm fires a harpoon shot at you.
The harpoon shot hits you but does no damage.
You hit the briar patch but do no damage.
The briar patch is severely damaged.
You are engulfed in dark miasma.
You are lethally poisoned!
* * * LOW HITPOINT WARNING * * *
You feel extremely sick.
You feel much better.
You are engulfed in dark miasma.
You are lethally poisoned!
* * * LOW HITPOINT WARNING * * *
x2 You feel extremely sick.
The swamp worm fires a harpoon shot at you.
The harpoon shot hits you!
* * * LOW HITPOINT WARNING * * *
You are yanked forward by the harpoon shot.
You violently stop moving!
You die...

<..# ##.......©...#...#P##...#
##.# #.##..#####.##.######..#
#.# ##..#..#"©[#.#..# #..## #.#
#......#$))#....#####.... #.##
##.#.####+####........... #..#
##...#w≈P§P≈##.#####...## ##.##
#..#.##≈P^P≈w#..####...## #..##
##.#.#♣≈P^§###....[...... #...#
#.#.###@^P§♣#..#.###.### #..##
#...#w≈.§P≈##..#..##.# # ##.#
#.#.##≈P^.≈w#..#...#.### #.(#
###.#♣§.^P§##...###..##. ##.#
#.###P©.###..## #..... #..#
#...#####..##.###†.... ##.#
#.....©...####.#.†##..
#.##########.##.#...........††..
#..##P##.#.^......#.............


You could see 4 swamp worms.

Vanquished Creatures
  3 entropy weavers (D:11)
  3 ghost crabs (D:11)
  Erica (D:8)
  2 two-headed ogres
  5 fire crabs (D:11)
  Amaemon (D:8)
  Pikel (D:7)
  A cyclops (D:11)
  A manticore (D:11)
  2 black mambas (Lair:1)
  An apocalypse crab (D:11)
  A gargoyle (D:10)
  An orange demon (D:8)
  5 cane toads (Lair:1)
  4 komodo dragons (Lair:1)
  2 rime drakes (Lair:1)
  A troll (D:11)
  A guardian mummy (D:11)
  A hornet (shapeshifter) (D:10)
  Prince Ribbit (D:8)
  Grinder (D:5)
  10 blink frogs (Lair:1)
  Sigmund (D:6)
  2 shadows (D:10)
  16 yaks
  Eustachio (D:6)
  3 wyverns
  Grum (D:11)
  2 basilisks
  3 steam dragons
  An acid dragon (D:7)
  8 water moccasins
  Duvessa (D:6)
  3 black bears
  2 ice beasts
  7 orc warriors
  5 ogres
  7 wolves
  18 centaurs
  7 kobold brigands
  3 bullfrogs
  3 gnoll sergeants
  5 scorpions
  10 wights
  Dowan (D:6)
  30 killer bees
  2 howler monkeys (D:10)
  Crazy Yiuf (D:3)
  4 jellies
  4 orc priests
  A gnoll bouda (D:7)
  4 hounds
  2 sleepcaps
  Jessica (D:3)
  An iguana (D:6)
  5 orc wizards
  16 gnolls
  8 adders
  A white imp (D:6)
  3 ufetubi
  2 worms
  A dart slug (D:2)
  42 orcs
  6 ball pythons
  3 endoplasms
  2 giant cockroaches
  11 goblins
  10 hobgoblins
  5 jackals
  4 quokkas
  5 bats
  3 frilled lizards
  11 kobolds
  2 rats (D:1)
349 creatures vanquished.

Vanquished Creatures (others)
  A quokka (D:10)
1 creature vanquished.

Grand Total: 350 creatures vanquished

Notes
Turn   | Place    | Note
-------+----------+-------------------------------------------
     0 | D:1      | wesleywilliam the Minotaur Berserker began the quest for
                  | the Orb.
     0 | D:1      | Reached XP level 1. HP: 19/19 MP: 0/0
    39 | D:1      | Found Lythis's Magic Scroll Boutique.
   309 | D:1      | Found Faum's Book Shop.
   346 | D:1      | Found Timuett's Jewellery Emporium.
   394 | D:1      | Reached XP level 2. HP: 26/26 MP: 1/1
   559 | D:1      | Found Jupeos's Assorted Antiques.
   613 | D:1      | Found Qomuum's Magic Scroll Shop.
  1211 | D:2      | Reached skill level 5 in Maces & Flails
  1211 | D:2      | Reached XP level 3. HP: 27/31 MP: 2/2
  1241 | D:2      | Reached ** piety under Trog
  1416 | D:2      | Reached XP level 4. HP: 39/39 MP: 3/3
  1900 | D:3      | Reached XP level 5. HP: 40/45 MP: 4/4
  1935 | D:3      | Noticed Jessica
  1940 | D:3      | Killed Jessica
  1968 | D:3      | You fall into a shaft and drop 2 floors!
  1968 | D:5      | Entered Level 5 of the Dungeon
  2087 | D:5      | Reached XP level 6. HP: 46/51 MP: 5/5
  2685 | D:3      | Found a runed translucent door.
  2686 | D:3      | Noticed Crazy Yiuf
  3181 | D:3      | Killed Crazy Yiuf
  3726 | D:4      | Reached *** piety under Trog
  3882 | D:4      | Reached XP level 7. HP: 52/57 MP: 6/6
  4337 | D:4      | Reached skill level 10 in Maces & Flails
  4531 | D:5      | Noticed Grinder
  4549 | D:5      | Paralysed by Grinder for 2 turns
  4553 | D:5      | Killed Grinder
  4985 | D:5      | Noticed a steam dragon
  4995 | D:5      | Killed a steam dragon
  4996 | D:5      | Reached XP level 8. HP: 29/64 MP: 7/7
  5524 | D:6      | Noticed Duvessa
  5534 | D:6      | Killed Duvessa
  5535 | D:6      | Noticed Dowan
  5554 | D:6      | Killed Dowan
  5612 | D:6      | Found a basalt altar of Yredelemnul.
  5887 | D:6      | Found a shimmering blue altar of Sif Muna.
  6003 | D:6      | Noticed Sigmund
  6012 | D:6      | Killed Sigmund
  6054 | D:6      | Noticed Eustachio
  6062 | D:6      | Killed Eustachio
  6257 | D:6      | Reached skill level 4 in Fighting
  6257 | D:6      | Reached skill level 1 in Ranged Weapons
  6768 | D:7      | Reached XP level 9. HP: 71/71 MP: 8/8
  6938 | D:7      | Reached skill level 5 in Fighting
  7460 | D:7      | Found a staircase to the Ecumenical Temple.
  7521 | D:7      | Reached skill level 6 in Fighting
  7573 | D:7      | Identified the +0 morningstar "Gueff" {speed, MP+9 Int+7
                  | SInv Stlth-}
  7888 | D:7      | Noticed Pikel
  7900 | D:7      | Reached skill level 5 in Ranged Weapons
  7903 | D:7      | Killed Pikel
  7904 | D:7      | Reached skill level 7 in Fighting
  8003 | D:7      | Found a stormy altar of Qazlal.
  8159 | D:7      | Reached skill level 8 in Fighting
  8201 | D:7      | Reached XP level 10. HP: 88/88 MP: 9/9
  8205 | D:7      | Reached **** piety under Trog
  8820 | D:8      | Noticed Prince Ribbit
  8826 | D:8      | Killed Prince Ribbit
  8827 | D:8      | Reached skill level 9 in Fighting
  8840 | D:8      | Noticed a two-headed ogre
  8849 | D:8      | Killed a two-headed ogre
  9017 | D:8      | Reached skill level 10 in Fighting
  9104 | D:8      | Noticed Erica
  9111 | D:8      | Killed Erica
  9606 | D:8      | Noticed Amaemon
  9607 | D:8      | Noticed an orange demon
  9614 | D:8      | Killed Amaemon
  9615 | D:8      | Reached skill level 11 in Fighting
  9619 | D:8      | Killed an orange demon
  9620 | D:8      | Reached XP level 11. HP: 102/102 MP: 10/10
 10096 | D:9      | Reached skill level 10 in Ranged Weapons
 10356 | D:9      | Found a radiant altar of Vehumet.
 10368 | D:9      | Found a hide-covered altar of Uskayaw.
 10480 | D:10     | Entered Level 10 of the Dungeon
 10717 | D:10     | Reached skill level 12 in Fighting
 10845 | D:10     | Found a staircase to the Lair.
 11259 | D:10     | Found a white marble altar of Elyvilon.
 11422 | D:10     | Found a glowing silver altar of Zin.
 11657 | D:11     | Reached skill level 13 in Fighting
 11685 | D:11     | Found a portal to a secret trove of treasure.
 11770 | D:11     | Noticed a two-headed ogre
 11775 | D:11     | Killed a two-headed ogre
 11839 | D:11     | Found a staircase to the Orcish Mines.
 12185 | D:11     | Reached ***** piety under Trog
 12348 | D:11     | Found a runed translucent door.
 12349 | D:11     | Noticed a fire crab
 12370 | D:11     | Found a transporter.
 12371 | D:11     | Noticed LustLizard's ghost (journeyman OpCj)
 12372 | D:11     | Noticed Grum
 12373 | D:11     | Noticed a two-headed ogre
 12387 | D:11     | Reached XP level 12. HP: 116/116 MP: 11/11
 12395 | D:11     | Killed Grum
 12400 | D:11     | Reached skill level 14 in Fighting
 12420 | D:11     | Identified the +4 great mace of the Breathing Fox {elec,
                  | rPois rF+}
 12420 | D:11     | Noticed a two-headed ogre
 12567 | D:11     | Noticed a two-headed ogre
 12568 | D:11     | Found a transporter.
 12569 | D:11     | Noticed a two-headed ogre
 12789 | D:11     | Noticed an entropy weaver
 12856 | D:11     | Killed an entropy weaver
 13314 | D:11     | Noticed a ghost crab
 13315 | D:11     | Noticed an entropy weaver
 13326 | D:11     | Killed a ghost crab
 13327 | D:11     | Reached skill level 15 in Fighting
 13333 | D:11     | Killed an entropy weaver
 13337 | D:11     | Noticed a ghost crab
 13361 | D:11     | Killed a ghost crab
 13463 | D:11     | Noticed a ghost crab
 13485 | D:11     | Killed a ghost crab
 13532 | D:11     | Noticed an entropy weaver
 13537 | D:11     | Killed an entropy weaver
 13729 | Lair:1   | Entered Level 1 of the Lair of Beasts
 13834 | Lair:1   | Found a transporter.
 13841 | Lair:1   | Reached skill level 16 in Fighting
 14047 | Lair:1   | Found a transporter.
 14159 | Lair:1   | Reached XP level 13. HP: 126/130 MP: 12/12
 14168 | Lair:1   | Reached skill level 17 in Fighting
 14926 | Lair:1   | Collided with some lava

Illustrated notes

Levels and vault maps discovered:
D:1:      matt_arrival_refuge, layout_basic, serial_shops, shop, shop, shop,
          nicolae_shop_real_fake_doors, shop
D:2:      layout_loops_ring, minmay_misc_feat_rows
D:3:      wander_river, layout_loops_corners, kennysheep_generic_room_16,
          uniq_jessica, uniq_crazy_yiuf_cottage
D:4:      layout_loops_ring
D:5:      layout_basic, corexii_corridor_pit, uniq_grinder
D:6:      layout_loops_corners, marbit_many_paths, mainiacjoe_overflow_catwalk,
          nicolae_underground_beach, uniq_duvessa, uniq_sigmund, uniq_eustachio
D:7:      kennysheep_housing_project, layout_rooms, grunt_qazlal_sundering,
          minmay_temple_entry_nine_rooms, chequers_serial_rivers_micro_d,
          eino_jars, uniq_pikel
D:8:      layout_basic, uniq_prince_ribbit1, uniq_erica, uniq_amaemon
D:9:      layout_cross, mainiacjoe_overflow_catwalk_spiral,
          roderic_st_hans_cross, minmay_misc_feat_square,
          minmay_misc_feat_secret_circle
D:10:     layout_rooms, kennysheep_mini_moat, elyvilon_altar_4,
          minmay_lair_entry_grove
D:11:     gammafunk_mikee_crab_dinner, layout_basic,
          kennysheep_orc_monster_closet_entryway, gammafunk_ghost_smash,
          nicolae_trove_entry_path_of_doom, uniq_grum
Lair:1:   gammafunk_worm_tunnel, layout_loops_ring, grunt_megastairs_5

Skill      XL: |  1  2  3  4  5  6  7  8  9 10 11 12 13 |
---------------+----------------------------------------+-----
Maces & Flails | 4 5 6 8 9 11 14 | 14.0
Fighting       | 4 8 11 13 16 17 | 17.6
Ranged Weapons | 1 6 9 12 14 | 14.0
Armour         | |  2.4
Dodging        | |  2.1

Action                     |  1- 3 |  4- 6 |  7- 9 | 10-12 | 13-15 || total
---------------------------+-------+-------+-------+-------+-------++-------
  Melee: Mace              |    73 |   133 |   184 |       |       ||   390
         Headbutt          |     8 |    22 |    53 |   126 |    11 ||   220
         Punch             |     1 |     2 |     1 |    14 |       ||    18
         Morningstar       |       |       |    68 |   574 |    55 ||   697
   Fire: Sling             |       |       |     3 |    28 |     6 ||    37
  Throw: Javelin           |       |       |     6 |    42 |     2 ||    50
         Boomerang         |       |       |     4 |       |       ||     4
         Dart              |       |       |       |     2 |       ||     2
 Invoke: Berserk           |       |       |     9 |    18 |     1 ||    28
         Trog's Hand       |       |       |     4 |     3 |       ||     7
  Evoke: Wand              |       |       |     5 |       |       ||     5
    Use: Scroll            |       |       |    14 |     6 |       ||    20
         Potion            |       |       |     1 |       |     3 ||     4
 Armour: Animal skin       |     5 |       |       |       |       ||     5
         Scale mail        |    12 |    50 |    68 |       |       ||   130
         Plate armour      |       |       |    29 |   401 |    24 ||   454
  Dodge: Dodged            |    30 |    50 |    96 |   194 |    14 ||   384
  Block: Other             |     9 |    24 |    40 |       |       ||    73
         Reflection        |       |     1 |     4 |       |       ||     5
